 Dungeon Sprint DCSS version 0.24.0-125-gc4c63601f3 (webtiles) character file.

Game seed: 10417888772279924093, levelgen mode: deterministic

262220 Groucho the Imperceptible (level 11, 61/61 HPs)
             Began as a Felid Berserker on Mar 9, 2020.
             Was a High Priest of Trog.
             Escaped with the Orb!
             The game lasted 00:17:48 (4781 turns).

Groucho the Imperceptible (Felid Berserker)         Turns: 4781, Time: 00:17:49

Health: 61/61      AC:  3    Str: 13    XL:     11   Next: 7%
Magic:  12/12      EV: 39    Int:  8    God:    Trog [*****.]
Gold:   2720       SH:  0    Dex: 17    Spells: 10/10 levels left
                                        Lives:  0   Deaths: 2

rFire    . . .     SeeInvis +     - Unarmed
rCold    + . .     Gourm    .   (shield unavailable)
rNeg     . . .     Faith    .   (armour unavailable)
rPois    +         Spirit   .   (helmet unavailable)
rElec    +         Reflect  .   (cloak unavailable)
rCorr    .         Harm     .   (gloves unavailable)
MR       ++++.     Rnd*Rage +   (boots unavailable) Stlth ++++......NoTele +
                                k - amulet of the Air {Inacc +Fly rElec EV+5 RMsl}
HPRegen  1.20/turn              i - ring "Kiluc" {rPois Dex-4} (curse)
MPRegen  0.13/turn              m - ring of protection from magic

@: berserk cooldown, regenerating, slowed, repel missiles, slow
A: very small, no armour, no weapons or thrown items, stealth, claws 1, fangs 3,
see invisible, berserk 1, carnivore, speed 1, shaggy fur 3, slow metabolism 1,
sharp paws
0: Orb of Zot
a: Berserk, Trog's Hand, Brothers in Arms, Renounce Religion, Evoke Flight


You escaped.
You worshipped Trog.
Trog was extremely pleased with you.
You were not hungry.

You visited 1 branch You collected 3295 gold pieces.
You spent 575 gold pieces at shops.

Inventory:

Jewellery
 i - the cursed ring "Kiluc" (left paw) {rPois Dex-4}
   (You bought it in a shop in the Dungeon)

   [ring of dexterity]

   It affects your dexterity (-4).
   It protects you from poison.
   It has a curse placed upon it.
 k - the amulet of the Air (around neck) {Inacc +Fly rElec EV+5 RMsl}
   (You bought it in a shop in the Dungeon)

   [amulet of inaccuracy]

   It reduces the accuracy of all your attacks.
   It affects your evasion (+5).
   It insulates you from electricity.
   It lets you fly.
   It protects you from missiles.
 m - a ring of protection from magic (right paw)
Wands
 j - a wand of digging (2)
Scrolls
 c - a scroll of holy word {unknown}
 g - a scroll of amnesia {unknown}
 h - a scroll of fear {unknown}
 l - 3 scrolls of identify
 n - a scroll of random uselessness {unknown}
 o - a scroll of vulnerability {unknown}
 p - a scroll of magic mapping {unknown}
Potions
 b - 2 potions of curing
 e - 4 potions of magic
 f - a potion of berserk rage
Comestibles
 a - 3 rations


   Skills:
 + Level 15.3 Fighting
 + Level 19.1 Dodging
 + Level 25.5 Stealth
 + Level 15.3 Unarmed Combat


You had 10 spell levels left.
You didn't know any spells.
Your spell library was empty.

Dungeon Overview and Level Annotations

Branches:
Dungeon (1/1)

Altars:
Cheibriados
Dithmenos
Elyvilon
Fedhas
Gozag
Hepliaklqana
Kikubaaqudgha
Makhleb
Nemelex Xobeh
Okawaru
Qazlal
Ru
Sif Muna
Trog
Uskayaw
Vehumet
Wu Jian
Xom
Yredelemnul
Zin
The Shining One
Jiyva
Lugonu

Shops:
D (=%(*(:*?(([:(!**:([(

Annotations:
D Lom Lobon, Tiamat


Innate Abilities, Weirdness & Mutations

You cannot wear armour.
You are incapable of wielding weapons or throwing items.
Your paws allow you to move quietly. (Stealth)
You have sharp claws.
You have razor-sharp teeth.
You have supernaturally acute eyesight. (SInv)
You are carnivorous and can eat meat at any time.
You cover ground quickly.
Your thick and shaggy fur keeps you warm. (AC +3, rC+)
You have a slow metabolism.
Your sharp claws are effective at attacking unaware monsters.
You tend to lose your temper in combat.


Message History

Your deep troll bites the monstrous demonspawn.
Your deep troll claws the monstrous demonspawn but does no damage.
Your deep troll claws the monstrous demonspawn!
The monstrous demonspawn barely misses your deep troll.
The monstrous demonspawn claws your deep troll!!
The monstrous demonspawn gores your deep troll.
Your troll bites the monstrous demonspawn!!
The monstrous demonspawn dies!
Trog accepts your kill.
There is a staircase leading out of the dungeon, spattered with blood here.
You see here a +0 plate armour.
Unknown command.
You start resting.
You feel a strong urge to attack something.
You start resting.
You are no longer berserk.
You are exhausted.
You feel yourself slow down.
You start resting.
HP restored.
You have escaped!

##################
#@.#..'..#.)'..#__
#TT)..#.)'..#..'^.
#T.#####'#####'#__
#.)####..#...#)###
#..#__####..##.#≈≈
#..#_____##'#_.'§§
#⌠⌠#_.∩...'..._#≈≈
#..._..__##_.#'##+
#..#_____###'#.#).


You could see a friendly deep troll (berserk) and 2 friendly trolls.

Vanquished Creatures
  A daeva (D)
  2 fire giants (D)
  A lorocyproca (D)
  A mummy priest (D)
  A hydra (D)
  2 centaur warriors (D)
  Sonja (D)
  7 unseen horrors (D)
  A deep troll (D)
  A lindwurm (D)
  2 oklob plants (D)
  A gargoyle (D)
  2 kobold demonologists (D)
  A demonic crawler (D)
  A hornet (D)
  A slime creature (D)
  2 redbacks (D)
  A yak (D)
  13 hogs (D)
  Sigmund (D)
  3 floating eyes (D)
  An ogre (D)
  7 necrophages (D)
  8 jellies (D)
  Ijyb (D)
63 creatures vanquished.

Vanquished Creatures (collateral kills)
  2 fire giants (D)
  A deep elf annihilator (D)
  A monstrous demonspawn (D)
  A sun demon (D)
  An infernal demonspawn (D)
  8 shining eyes (D)
  2 merfolk sirens (D)
  3 demonic crawlers (D)
  A hellwing (D)
  A meliai (D)
  4 floating eyes (D)
25 creatures vanquished.

Vanquished Creatures (others)
  the Lernaean hydra (D)
  A deep elf master archer (D)
  A gargoyle (D)
  4 hornets (D)
  2 ballistomycete spores (D)
9 creatures vanquished.

Grand Total: 97 creatures vanquished

Notes
Turn   | Place    | Note
-------+----------+-------------------------------------------
     0 | D        | Groucho the Felid Berserker began the quest for the Orb.
     0 | D        | Reached XP level 1. HP: 10/10 MP: 2/2
     2 | D        | Noticed Ijyb
    16 | D        | Killed Ijyb
    16 | D        | Reached skill level 8 in Stealth
    16 | D        | Reached XP level 2. HP: 11/14 MP: 3/3
   261 | D        | Noticed an ogre
   263 | D        | Killed an ogre
   263 | D        | Reached skill level 12 in Stealth
   263 | D        | Reached XP level 3. HP: 17/17 MP: 4/4
   263 | D        | Reached XP level 4. HP: 21/21 MP: 5/5
   269 | D        | Noticed Sigmund
   271 | D        | Killed Sigmund
   271 | D        | Reached ** piety under Trog
   271 | D        | Reached skill level 16 in Stealth
   271 | D        | Reached XP level 5. HP: 24/24 MP: 6/6
   304 | D        | Found a shimmering blue altar of Sif Muna.
   305 | D        | Found an ornate altar of the Wu Jian Council.
   306 | D        | Found a radiant altar of Vehumet.
   310 | D        | Gained mutation: You are covered in thick fur. (AC +2)
                  | [Felid growth]
   310 | D        | Reached XP level 6. HP: 28/28 MP: 7/7
   326 | D        | Found Aliumot's Antique Weapon Emporium.
   326 | D        | Found an ancient bone altar of Kikubaaqudgha.
   326 | D        | Found a hazy altar of Hepliaklqana.
   326 | D        | Found a stormy altar of Qazlal.
   326 | D        | Found a hide-covered altar of Uskayaw.
   326 | D        | Found a blossoming altar of Fedhas.
   326 | D        | Found a bloodstained altar of Trog.
   326 | D        | Found an iron altar of Okawaru.
   326 | D        | Found a basalt altar of Yredelemnul.
   326 | D        | Found a glowing golden altar of the Shining One.
   326 | D        | Found a snail-covered altar of Cheibriados.
   326 | D        | Found a sacrificial altar of Ru.
   326 | D        | Found a glowing silver altar of Zin.
   326 | D        | Found a shadowy altar of Dithmenos.
   326 | D        | Found a white marble altar of Elyvilon.
   326 | D        | Noticed a yak
   327 | D        | Found an opulent altar of Gozag.
   328 | D        | Killed a yak
   328 | D        | Reached skill level 18 in Stealth
   329 | D        | Found a sparkling altar of Nemelex Xobeh.
   378 | D        | Found a burning altar of Makhleb.
   378 | D        | Found a shimmering altar of Xom.
   378 | D        | Noticed a slime creature
   379 | D        | Found a viscous altar of Jiyva.
   379 | D        | Found a corrupted altar of Lugonu.
   391 | D        | Killed a slime creature
   391 | D        | Reached *** piety under Trog
   391 | D        | Reached skill level 5 in Dodging
   391 | D        | Reached XP level 7. HP: 32/32 MP: 8/8
   488 | D        | Killed a hornet
   656 | D        | Noticed a centaur warrior
   667 | D        | Noticed a centaur warrior
   668 | D        | Killed a centaur warrior
   668 | D        | Reached skill level 19 in Stealth
   668 | D        | Reached XP level 8. HP: 39/39 MP: 9/9
   669 | D        | Killed a centaur warrior
   669 | D        | Reached skill level 10 in Dodging
   669 | D        | Reached skill level 20 in Stealth
   680 | D        | Noticed a hornet
   683 | D        | Killed a hornet
   683 | D        | Reached XP level 9. HP: 44/44 MP: 10/10
   694 | D        | Noticed an oklob plant
   696 | D        | Killed an oklob plant
   696 | D        | Reached **** piety under Trog
   737 | D        | Noticed an unseen horror
   740 | D        | Noticed an unseen horror
   755 | D        | Killed an unseen horror
   755 | D        | Reached skill level 21 in Stealth
   763 | D        | Killed an unseen horror
   763 | D        | Reached ***** piety under Trog
   763 | D        | Reached skill level 10 in Fighting
   763 | D        | Reached XP level 10. HP: 34/51 MP: 11/11
  1058 | D        | Reached skill level 10 in Unarmed Combat
  1091 | D        | Reached ****** piety under Trog
  1097 | D        | Killed a gargoyle
  1134 | D        | Found Qyxziaju's Assorted Antiques.
  1134 | D        | Found Gyack's Book Shop.
  1134 | D        | Found Nanussig's Magic Scroll Boutique.
  1136 | D        | Found Soit's Antique Weapon Emporium.
  1136 | D        | Found Gofafoha's Weapon Shop.
  1136 | D        | Found Ninnuta's Antique Armour Shoppe.
  1136 | D        | Found Saviq's Book Boutique.
  1136 | D        | Found Foukoxt's Weapon Emporium.
  1136 | D        | Found Faosuuvo's Distillery.
  1136 | D        | Found Izxob's General Store.
  1140 | D        | Found Tegeonion's General Store.
  1141 | D        | Found Foewk's Antique Weapon Emporium.
  1141 | D        | Found Ricvihi's Book Boutique.
  1142 | D        | Found Giudd's Antique Weapon Emporium.
  1203 | D        | Noticed a deep troll
  1205 | D        | Killed a deep troll
  1219 | D        | Found Peolub's Armour Emporium.
  1233 | D        | Noticed Sonja
  1236 | D        | Killed Sonja
  1236 | D        | Reached skill level 22 in Stealth
  1293 | D        | Found Gedul's Weapon Boutique.
  1591 | D        | Noticed a shining eye
  1591 | D        | Noticed a shining eye
  1591 | D        | Noticed a shining eye
  1591 | D        | Noticed a shining eye
  1591 | D        | Noticed a shining eye
  1591 | D        | Noticed a shining eye
  1593 | D        | Killed a shining eye
  1593 | D        | Killed a shining eye
  1594 | D        | Noticed a shining eye
  1594 | D        | Noticed a shining eye
  1594 | D        | Killed a shining eye
  1596 | D        | Killed a shining eye
  1597 | D        | Paralysed by a floating eye for 4 turns
  1600 | D        | Killed a shining eye
  1600 | D        | Killed a shining eye
  1602 | D        | Gained mutation: You tend to lose your temper in combat. [a
                  | shining eye]
  1602 | D        | Killed a shining eye
  1604 | D        | Killed a shining eye
  1712 | D        | Found Pavut's Jewellery Shoppe.
  1712 | D        | Found Sonetuiz's General Store.
  1712 | D        | Found Vihir's Food Emporium.
  1712 | D        | Found Wutiguon's Antique Weapon Boutique.
  1789 | D        | Reached XP level 11. HP: 57/57 MP: 12/12
  1800 | D        | Reached skill level 15 in Dodging
  1891 | D        | Killed a deep elf master archer
  2238 | D        | Noticed a lindwurm
  2242 | D        | Killed a lindwurm
  2262 | D        | Reached skill level 23 in Stealth
  2671 | D        | Killed the 27-headed Lernaean hydra
  3034 | D        | Noticed a 12-headed hydra
  3036 | D        | Killed a 12-headed hydra
  3105 | D        | Bought the cursed ring "Kiluc" {rPois Dex-4} for 77 gold
                  | pieces
  3178 | D        | Noticed a lorocyproca
  3184 | D        | Killed a lorocyproca
  3297 | D        | Bought the amulet of the Air {Inacc +Fly rElec EV+5 RMsl}
                  | for 476 gold pieces
  3297 | D        | Found the amulet of the Air {Inacc +Fly rElec EV+5 RMsl}
  3304 | D        | Bought a scroll of identify for 22 gold pieces
  3403 | D        | Noticed a deep elf annihilator
  3508 | D        | Noticed a mummy priest
  3514 | D        | Noticed a shadow wraith
  3514 | D        | Noticed a shadow wraith
  3515 | D        | Noticed an oklob plant
  3537 | D        | Killed a deep elf annihilator
  3864 | D        | Killed an oklob plant
  3864 | D        | Reached skill level 24 in Stealth
  3867 | D        | Noticed a shadow wraith
  3869 | D        | Killed a mummy priest
  4066 | D        | Noticed Lom Lobon
  4266 | D        | Noticed a daeva
  4269 | D        | Killed a daeva
  4269 | D        | Gained mutation: Your thick and shaggy fur keeps you warm.
                  | (AC +3, rC+) [Felid growth]
  4269 | D        | Reached XP level 12. HP: 62/62 MP: 13/13
  4332 | D        | Noticed a fire giant
  4335 | D        | Noticed a fire giant
  4336 | D        | Noticed a fire giant
  4337 | D        | Noticed a fire giant
  4339 | D        | Killed a fire giant
  4339 | D        | Reached skill level 25 in Stealth
  4343 | D        | Killed a fire giant
  4343 | D        | Reached skill level 15 in Unarmed Combat
  4349 | D        | Killed from afar by a fire giant
  4350 | D        | Reached XP level 11. HP: -36/58 MP: 12/12
  4402 | D        | Killed from afar by a fire giant
  4403 | D        | Reached XP level 10. HP: -7/57 MP: 11/11
  4435 | D        | Killed a fire giant
  4435 | D        | Reached skill level 15 in Fighting
  4436 | D        | Killed a fire giant
  4696 | D        | Identified the +4 dragonskin cloak
  4696 | D        | Noticed Tiamat
  4698 | D        | Got the Orb of Zot
  4767 | D        | Noticed an infernal demonspawn
  4767 | D        | Noticed a sun demon
  4767 | D        | Noticed a monstrous demonspawn
  4770 | D        | Killed an infernal demonspawn
  4772 | D        | Killed a sun demon
  4772 | D        | Reached XP level 11. HP: 61/61 MP: 12/12
  4775 | D        | Killed a monstrous demonspawn
  4781 | D        | Escaped with the Orb!

Levels and vault maps discovered:
D:        dungeon_sprint_1 [red_sonja_temple_1, red_sonja_temple_small_1]

Skill      XL: |  1  2  3  4  5  6  7  8  9 10 11 12 |
---------------+-------------------------------------+-----
Stealth        | 8 12 16 18 19 20 21 22 24 25 | 25.5
Fighting       | 4 6 8 10 15 14 | 15.3
Dodging        | 5 8 10 12 19 17 18 | 19.1
Unarmed Combat | 4 6 8 9 11 14 15 | 15.3

Action                   |  1- 3 |  4- 6 |  7- 9 | 10-12 || total
-------------------------+-------+-------+-------+-------++-------
Melee: Unarmed           |    11 |    11 |    25 |   153 ||   200
       Bite              |       |     4 |     1 |    17 ||    22
       Punch             |       |     1 |       |     9 ||    10
Invok: Berserk           |     1 |     1 |       |     3 ||     5
       Trog's Hand       |       |     1 |       |     6 ||     7
       Brothers in Arms  |       |       |       |    17 ||    17
 Abil: Evoke Flight      |       |       |       |     6 ||     6
Evoke: Wand              |       |       |       |     5 ||     5
  Use: Potion            |       |     1 |       |     3 ||     4
       Scroll            |       |       |     1 |     1 ||     2
 Stab: Sleeping          |     1 |     3 |     7 |    25 ||    36
       Distracted        |       |       |       |     1 ||     1
  Eat: Chunk             |     1 |     6 |     2 |    15 ||    24
Armor: Skin              |       |       |       |     4 ||     4
Dodge: Dodged            |     3 |     5 |    34 |   142 ||   184
       Deflected         |       |       |       |     1 ||     1
